 Dungeon Crawl Stone Soup version 0.17.1-2-g5865329 (webtiles) character file.

25720 Metrazal the Whirler (level 12, -6/53 HPs)
             Began as a Spriggan Assassin on Jan 23, 2016.
             Was an Elder of Elyvilon.
             Shot with an arrow by a centaur warrior (18 damage)
             ... on level 14 of the Dungeon on Jan 24, 2016.
             The game lasted 06:45:30 (30348 turns).

Metrazal the Whirler (Spriggan Assassin)           Turns: 30348, Time: 06:45:30

Health: -6/53      AC:  6    Str: 18    XL:     12   Next: 92%
Magic:  13/13      EV: 34    Int:  8    God:    Elyvilon [****..]
Gold:   614        SH:  0    Dex: 22    Spells: 1 memorised, 10 levels left

rFire  x . .     SeeInvis +     E - +1 shortbow (flame)
rCold  + . .     Clarity  .     W - +2 robe of the Beekeeper {Str+6 Int-5}
rNeg   . . .     SustAt   .     (shield currently unavailable)
rPois  +         Gourm    .     (helmet restricted)
rElec  .         Spirit   .     d - +1 cloak
rCorr  .         Warding  .     (gloves unavailable)
rMut   .         Stasis   .     (boots unavailable)
MR     ++...                    (no amulet)
Stlth  ++++......               Z - ring "Onemuiroum" {Ice Str+5}
                                u - ring of poison resistance

@: very slightly contaminated, invisible, very quick, very resistant to hostile
enchantments, stealthy
A: unfitting armour, see invisible, herbivore 3, speed 3, slow metabolism 2
a: Lesser Healing, Heal Other, Purification, Greater Healing, Divine Protection,
Renounce Religion


You were on level 14 of the Dungeon.
You worshipped Elyvilon.
Elyvilon was greatly pleased with you.
You were not hungry.

You visited 3 branches of the dungeon, and saw 16 of its levels.

You collected 614 gold pieces.

Inventory:

Hand Weapons
 a - a +2 dagger
 b - a +0 blowgun
 r - a +1 hunting sling
 E - a +1 shortbow of flaming (weapon)
Missiles
 e - 11 poisoned needles
 i - 151 stones
 p - 90 sling bullets
 s - 5 sling bullets of frost
 y - 272 arrows
 S - 9 poisoned arrows (quivered)
Armour
 d - a +1 cloak (worn)
 n - the +1 robe "Gogguom" {rN+ MR+}
   (You found it on level 4 of the Dungeon)

   It protects you from negative energy.
   It affects your resistance to hostile enchantments.
 A - a +2 robe of positive energy
 W - the +2 robe of the Beekeeper (worn) {Str+6 Int-5}
   (You found it on level 8 of the Dungeon)

   It affects your strength (+6).
   It affects your intelligence (-5).
Jewellery
 u - a ring of poison resistance (left hand)
 z - an uncursed ring of stealth
 J - an uncursed ring of protection from fire
 O - an uncursed ring of wizardry
 U - a +3 ring of intelligence
 Z - the ring "Onemuiroum" (right hand) {Ice Str+5}
   (You found it on level 13 of the Dungeon)

   [ring of ice]

   It enhances your ice magic, and weakens your fire magic.
   It affects your strength (+5).
   It makes you vulnerable to fire.
   It protects you from cold.
Wands
 j - a wand of confusion (24)
 o - a wand of cold (2)
 P - a wand of polymorph (9)
 R - a wand of invisibility (6)
 V - a wand of digging (11)
 X - a wand of paralysis (8)
Scrolls
 f - a scroll of amnesia
 h - 9 scrolls of identify
 k - a scroll of recharging
 t - a scroll of enchant armour
 G - 8 scrolls of remove curse
 I - 3 scrolls of magic mapping {unknown}
 K - a scroll of enchant weapon
 N - a scroll of blinking {unknown}
Potions
 l - 2 potions of beneficial mutation {unknown}
 q - 2 potions of flight {unknown}
 v - 2 potions of magic
 x - 3 potions of lignification {unknown}
 B - 3 potions of invisibility {unknown}
 H - 2 potions of haste {unknown}
 M - a potion of degeneration {unknown}
 Q - 2 potions of might {unknown}
 T - 3 potions of mutation {unknown}
 Y - 2 potions of resistance {unknown}
Comestibles
 g - 5 bread rations
 m - 21 fruits


   Skills:
 - Level 1.5 Fighting
 - Level 3.0 Short Blades
 * Level 17.7(17.8) Slings
 + Level 11.5 Bows
 - Level 3.1(10.7) Throwing
 + Level 15.0 Dodging
 - Level 5.8 Stealth


You had 10 spell levels left.
You knew the following spells:

 Your Spells              Type           Power        Failure   Level  Hunger
a - Sting                 Conj/Pois      #...         43%         1    ##.....


Dungeon Overview and Level Annotations

Branches:
Dungeon (14/15)            Temple (1/1) D:5            Lair (1/8) D:8
    Orc (0/4) D:11
 Vaults: D:13-14

Altars:
Ashenzari
Dithmenos
Elyvilon
Fedhas
Kikubaaqudgha
Makhleb
Nemelex Xobeh
Qazlal
Ru
Sif Muna
Trog
Vehumet
Xom
Yredelemnul

Shops:
D:11 [

Annotations:
D:7 exclusion: statue
D:14 exclusion: player ghost, Enrond's ghost, adept VSMo


Innate Abilities, Weirdness & Mutations

You are tiny and cannot use many weapons and most armour.
You have supernaturally acute eyesight.
You are a herbivore.
You cover ground extremely quickly.
You need consume almost no food.


Message History

The centaur warrior is severely wounded.
The centaur warrior shoots an arrow.
The arrow hits you!
Firing (i - inventory. (,) - cycle):
S - 10 poisoned arrows (quivered)
Press: ? - help, Shift-Dir - straight line, f/p - centaur warrior
Aim: a centaur warrior, wielding a shortbow (severely wounded, poisoned)
You shoot a poisoned arrow.
The poisoned arrow hits the centaur warrior.
The centaur warrior is severely wounded.
The centaur warrior shoots an arrow.
The arrow hits you!!
* * * LOW HITPOINT WARNING * * *
You feel better.
The centaur warrior shoots an arrow.
The arrow closely misses you.
Zapping:
R - a wand of invisibility {recharged} (will waste charges)
Press: ? - help, Shift-Dir - straight line, f - you, p - centaur warrior You fade into invisibility!
You are very lightly contaminated with residual magic.
Evoking this partially-identified wand wasted a few charges.
The centaur shouts!
The centaur warrior shoots an arrow.
The arrow hits you!!
You die...

#........# ##' #...(....# #.
#####'##########. ##
#..............#. ...
####'####.#.#.#.#.##
..((#.................##
......(.......#.#.#.#.##
#..W......#.(.>..............##
#.........#...@......#.#.#.#.##
#.........#...................#
#.......(.#(.........#.#.#.#..#
#..F.....(##..................)
#......(($##...........###....#
#.^Z..(...######c####### ######
#..<......# #c. # ######+####
##c# # #


You could see a centaur warrior and 2 centaurs.

Vanquished Creatures
  Maud (D:12)
  A centaur warrior (D:13)
  2 death yaks (D:8)
  A queen ant (D:11)
  An unseen horror (D:11)
  4 hill giants
  2 orc knights (D:11)
  4 cyclopes
  A manticore (D:12)
  The ghost of PossumBlood the Archer, a novice HEHu (D:6)
  Joseph (D:6)
  A gargoyle (D:14)
  A redback zombie (D:14)
  3 kobold demonologists
  3 trolls
  2 polar bears (D:8)
  3 slime creatures (D:14)
  2 wraiths
  Sigmund (D:2)
  The ghost of MirrMurr the Covert, an amateur SpEn of Ashenzari (D:5)
  5 deep elf magi
  A wyvern (D:14)
  A basilisk (D:13)
  2 yaks (D:8)
  A shadow (D:11)
  A mottled dragon (D:12)
  2 hippogriffs
  Edmund (D:4)
  3 hungry ghosts
  7 soldier ants (D:11)
  Duvessa (D:7)
  4 sky beasts
  4 orc warriors
  10 centaurs
  2 ice beasts
  7 phantoms
  The ghost of topkek the Insei, an amateur DsMo (D:3)
  An eye of draining (D:13)
  7 ogres
  8 big kobolds
  A gnoll sergeant (D:8)
  5 giant frogs
  4 scorpions
  Dowan (D:7)
  A water moccasin skeleton (D:7)
  13 wights
  4 crimson imps
  22 killer bees
  3 centaur zombies
  6 hounds
  9 orc priests
  Crazy Yiuf (D:4)
  Ijyb (D:2)
  10 jellies
  4 giant frog skeletons
  7 orc wizards
  31 worker ants
  Natasha (twice) (D:2)
  3 sheep (D:14)
  4 centaur skeletons
  4 iguanas
  A killer bee zombie (D:9)
  4 hound zombies
  2 worker ant zombies
  6 gnolls (D:8)
  21 adders
  6 shadow imps
  A white imp (D:8)
  A worker ant simulacrum (D:8)
  An adder zombie (D:10)
  5 worms
  3 giant geckos
  65 orcs
  3 giant cockroaches
  6 hobgoblins
  31 kobolds
  A ball python (D:2)
  5 bats
  A giant gecko simulacrum (D:8)
  A giant gecko skeleton (D:5)
  2 giant newts (D:4)
  14 goblins
  16 jackals
  5 quokkas
  6 rats
  A fungus (D:4)
449 creatures vanquished.

Notes
Turn   | Place    | Note
--------------------------------------------------------------
     0 | D:1      | Metrazal the Spriggan Assassin began the quest for the Orb.
     0 | D:1      | Reached XP level 1. HP: 10/10 MP: 2/2
   498 | D:1      | Reached XP level 2. HP: 14/14 MP: 3/3
   915 | D:2      | Reached XP level 3. HP: 18/18 MP: 4/4
   947 | D:2      | Noticed Ijyb
   987 | D:2      | Killed Ijyb
  1024 | D:2      | Reached XP level 4. HP: 8/22 MP: 5/5
  1973 | D:2      | Noticed Natasha
  1984 | D:2      | Killed Natasha
  2390 | D:2      | Reached XP level 5. HP: 10/25 MP: 6/6
  2686 | D:2      | Noticed Sigmund
  2719 | D:2      | Killed Sigmund
  2719 | D:2      | Reached skill level 5 in Slings
  2719 | D:2      | Reached XP level 6. HP: 30/30 MP: 7/7
  2860 | D:2      | Found a burning altar of Makhleb.
  3021 | D:2      | Noticed Natasha
  3033 | D:2      | Killed Natasha
  3743 | D:3      | Reached skill level 5 in Dodging
  3814 | D:3      | Found a basalt altar of Yredelemnul.
  3852 | D:3      | Noticed topkek's ghost (amateur DsMo)
  4020 | D:3      | Killed topkek's ghost
  4020 | D:3      | Reached skill level 6 in Slings
  4474 | D:3      | Reached XP level 7. HP: 28/33 MP: 8/8
  4749 | D:3      | Found a blossoming altar of Fedhas.
  5715 | D:4      | Got a distressingly furry robe
  5726 | D:4      | Identified the +1 robe "Gogguom" {rN+ MR+} (You found it on level 4 of the Dungeon)
  5859 | D:4      | Found a burning altar of Makhleb.
  6074 | D:4      | Noticed Crazy Yiuf
  6091 | D:4      | Killed Crazy Yiuf
  6091 | D:4      | Reached skill level 7 in Slings
  6406 | D:4      | Noticed Edmund
  6446 | D:4      | Killed Edmund
  6788 | D:4      | Reached skill level 8 in Slings
  7064 | D:5      | Entered Level 5 of the Dungeon
  7151 | D:5      | Found a staircase to the Ecumenical Temple.
  7219 | D:5      | Reached XP level 8. HP: 30/37 MP: 9/9
  7413 | D:5      | Reached skill level 1 in Bows
  7586 | D:5      | Reached skill level 9 in Slings
  7807 | D:5      | Noticed MirrMurr's ghost (amateur SpEn)
  7836 | D:5      | Killed MirrMurr's ghost
  8242 | D:5      | Reached skill level 10 in Slings
  8276 | Temple   | Entered the Ecumenical Temple
  8292 | Temple   | Became a worshipper of Elyvilon the Healer
  8779 | D:5      | Found a deep blue altar of Sif Muna.
  8880 | D:6      | Found a shadowy altar of Dithmenos.
  9165 | D:6      | Noticed PossumBlood's ghost (novice HEHu)
  9213 | D:6      | Killed PossumBlood's ghost
  9213 | D:6      | Reached XP level 9. HP: 26/41 MP: 10/10
  9673 | D:6      | Reached * piety under Elyvilon
 10011 | D:7      | Noticed Joseph
 10075 | D:6      | Killed Joseph
 10075 | D:6      | Reached skill level 11 in Slings
 10355 | D:7      | Noticed Dowan
 10363 | D:7      | Noticed Duvessa
 10400 | D:6      | Reached skill level 5 in Bows
 10417 | D:7      | Killed Dowan
 10420 | D:7      | Killed Duvessa
 10929 | D:7      | Found a radiant altar of Vehumet.
 11040 | D:7      | Reached skill level 10 in Dodging
 11200 | D:7      | Reached skill level 12 in Slings
 11456 | D:8      | Identified the Volume of Scorching Combat Magic
 11459 | D:8      | Learned a level 1 spell: Sting
 11469 | D:8      | Got a heavily jewelled robe
 11481 | D:8      | Identified the +2 robe of the Beekeeper {Str+6 Int-5} (You found it on level 8 of the Dungeon)
 12263 | D:8      | Reached XP level 10. HP: 46/46 MP: 11/11
 12927 | D:8      | Found a staircase to the Lair.
 13159 | D:8      | Noticed a death yak
 13230 | D:8      | Killed a death yak
 13607 | D:8      | Reached skill level 13 in Slings
 13812 | D:8      | Noticed a death yak
 14006 | D:8      | Killed a death yak
 15089 | D:8      | Reached ** piety under Elyvilon
 15563 | Lair:1   | Entered Level 1 of the Lair of Beasts
 17311 | D:9      | Reached skill level 14 in Slings
 17389 | D:10     | Entered Level 10 of the Dungeon
 17896 | D:10     | Reached *** piety under Elyvilon
 17927 | D:10     | Reached XP level 11. HP: 49/49 MP: 12/12
 20374 | D:11     | Noticed an unseen horror
 20399 | D:11     | Killed an unseen horror
 20499 | D:11     | Noticed a hill giant
 20548 | D:11     | Killed a hill giant
 20983 | D:11     | Reached skill level 15 in Slings
 21232 | D:11     | Noticed a queen ant
 21251 | D:11     | Killed a queen ant
 22133 | D:11     | Found a staircase to the Orcish Mines.
 22134 | D:11     | Found Topraemo's Armour Shop.
 23354 | D:12     | Reached skill level 10 in Bows
 23535 | D:12     | Reached skill level 16 in Slings
 23582 | D:12     | Reached XP level 12. HP: 35/53 MP: 13/13
 23764 | D:12     | Noticed Maud
 23803 | D:12     | Killed Maud
 23844 | D:12     | Identified Necysijo's Guide on Talismans and Dislocation
 24388 | D:12     | Reached **** piety under Elyvilon
 24927 | D:13     | Got a twitching platinum ring
 24930 | D:13     | Identified the ring "Onemuiroum" {Ice Str+5} (You found it on level 13 of the Dungeon)
 26131 | D:13     | Noticed a centaur warrior
 26160 | D:13     | Killed a centaur warrior
 26386 | D:14     | HP: 1/53 [cyclops/large rock (7)]
 26659 | D:13     | Noticed a centaur warrior
 27631 | D:14     | Noticed Enrond's ghost (adept VSMo)
 27803 | D:13     | Reached skill level 17 in Slings
 29353 | D:14     | Reached skill level 15 in Dodging
 30180 | D:14     | Noticed a centaur warrior
 30346 | D:14     | HP: 1/53 [centaur warrior/arrow (19)]
 30348 | D:14     | Shot with an arrow by a centaur warrior

Action                   |  1- 3 |  4- 6 |  7- 9 | 10-12 || total
-------------------------+-------+-------+-------+-------++-------
Melee: Dagger            |    50 |    52 |    17 |    12 ||   131
 Fire: Blowgun           |    27 |    13 |    68 |   160 ||   268
       Hunting sling     |       |   207 |   851 |  1733 ||  2791
       Shortbow          |       |       |     3 |   241 ||   244
Throw: Stone             |       |    28 |    37 |    41 ||   106
Evoke: Wand              |       |       |       |    15 ||    15
  Use: Scroll            |       |       |       |    16 ||    16
       Potion            |       |       |       |    13 ||    13
 Stab: Sleeping          |    12 |     4 |     8 |    23 ||    47
       Distracted        |     1 |       |     2 |    10 ||    13
  Eat: Pizza             |       |     1 |       |       ||     1
       Fruit             |       |       |     3 |    14 ||    17
       Royal jelly       |       |       |     1 |       ||     1
